 Dungeon Sprint DCSS version 0.30-a0-177-g1cb5dbfd7a (webtiles) character file.

Game seed: 10208275399273200280

9170 rocky1 the Warrior (level 11, -13/135 HPs)
             Began as an Ogre Fighter on Oct 3, 2022.
             Was a High Priest of Okawaru.
             Killed from afar by a nagaraja (30 damage)
             ... with a bolt of poison
             ... in the Dungeon (Sprint VII: "The Pits").
             The game lasted 00:08:46 (2617 turns).

rocky1 the Warrior (Ogre Fighter)                   Turns: 2617, Time: 00:08:47

Health: -13/135    AC:  6    Str: 29    XL:     11   Next: 42%
Magic:  16/16      EV: 14    Int:  9    God:    Okawaru [*****.]
Gold:   9          SH: 10    Dex:  8    Spells: 10/10 levels left

rFire   . . .      SeeInvis .    r - +1 broad axe (freeze)
rCold   . . .      Faith    .    c - +0 kite shield
rNeg    . . .      Spirit   .    b - +0 robe
rPois   .          Reflect  .    (helmet restricted)
rElec   .          Harm     .    u - +2 cloak
rCorr   .          Rampage  .    (gloves unavailable)
Will    +....      NoTele   +    (boots unavailable)
Stlth   +.........               (no amulet)
HPRegen 0.42/turn                g - +3 ring of strength
MPRegen 0.15/turn                d - +3 ring of evasion

@: lethally poisoned (-13 -> -35), slowed, invisible, very slow
A: large, unfitting armour, tough skin 1
a: Renounce Religion, Heroism, Finesse


You were in the Dungeon.
You worshipped Okawaru.
Okawaru was extremely pleased with you.
You visited 1 branch You collected 9 gold pieces.

Inventory:

Hand Weapons
 m - a +2 flail of protection
 r - a +1 broad axe of freezing (weapon)
 s - a +2 morningstar of venom
Missiles
 q - a javelin (quivered)
Armour
 b - a +0 robe (worn)
 c - a +0 kite shield (worn)
 u - a +2 cloak (worn)
Jewellery
 d - a +3 ring of evasion (right hand)
 g - a +3 ring of strength (left hand)
Wands
 a - a wand of mindburst (7)
Scrolls
 l - 5 scrolls of amnesia
Potions
 e - 7 potions of curing
 f - 7 potions of heal wounds
 h - 4 potions of magic
 i - 2 potions of berserk rage
 n - a potion of resistance
 o - a potion of might
 p - a potion of brilliance
 t - a potion of attraction {unknown}


   Skills:
 + Level 16.0 Fighting
 + Level 12.4(14.4) Axes
 + Level 11.2(13.2) Maces & Flails
 + Level 11.6 Dodging
 + Level 12.6 Shields
 + Level 7.6 Invocations


You had 10 spell levels left.
You didn't know any spells.
Your spell library was empty.

Dungeon Overview and Level Annotations

Branches:
Dungeon (1/1)

Altars:
Ashenzari
Cheibriados
Dithmenos
Elyvilon
Fedhas
Gozag
Hepliaklqana
Kikubaaqudgha
Makhleb
Nemelex Xobeh
Okawaru
Qazlal
Ru
Sif Muna
Trog
Uskayaw
Vehumet
Wu Jian
Xom
Yredelemnul
Zin
The Shining One
Jiyva
Lugonu


Innate Abilities, Weirdness & Mutations

You are too large for most types of armour.
You have tough skin. (AC +1)


Message History

Okay, then.
The barbs in your skin will harm you if you move.
Continue?
You slice something!! You freeze something! Something hits you!
Something drains your vigour!
You feel as though you will be slow longer.
Unknown command.
Blink to where?
Press: ? - help, Dir - move target
As you read the scroll of blinking, it crumbles to dust.
The barbed spikes dig painfully into your body as you move.
The barbed spikes dig painfully into your body as you move.
There is a large open door here.
The barbed spikes dig painfully into your body as you move.
You close the large door.
The barbed spikes dig painfully into your body as you move.
* * * LOW HITPOINT WARNING * * *
You open the large door.
Something unseen opens the large door.
You fade into invisibility!
You carefully extract the barbed spikes from your body.
Unknown command.
Okay, then.
Something hits you!
* * * LOW HITPOINT WARNING * * *
Something drains your vigour!
You feel as though you will be slow longer.
There is a large open door here.
Unknown command.
You feel much better. Something hits you!
* * * LOW HITPOINT WARNING * * *
The nagaraja casts a spell.
The nagaraja seems to speed up.
Unknown command.
You hit something. You freeze something.
The deep elf pyromancer casts a spell.
Something hits you!!
* * * LOW HITPOINT WARNING * * *
The nagaraja casts a spell at you.
The bolt of poison hits something.
The bolt of poison hits you!!
You are lethally poisoned!
You die...

#................#
#......#..#......#
#................+
'................+
#......#..#......#
#................#
####'#####''######
#.......##''############ ####
#.......##......@{.'...### ....
#.......##......'..N.e...## ....
#...<...##.....##..##..E..##
e..#
#.......##...###...4###....#
...#
#.......##..##......E☼###.###○○#
#.......##++#...#..#..°#(...#4E#
##########....[.....).÷°☼...'.4+
##########÷'#...#..#..[#....#e.#
...#..[.##..##........###.###..#


You could see a nagaraja (fast), an ice devil (unable to see you), a deep elf
pyromancer (unable to see you) and 2 fire elementals.

Vanquished Creatures
  A boulder beetle (D)
  3 sea snakes (D)
  An orc knight (D)
  A deep elf zephyrmancer (D)
  An orc sorcerer (D)
  Maurice (D)
  A hellwing (D)
  A tyrant leech (D)
  11 dream sheep (D)
  A shadow (D)
  9 yaks (D)
  A redback (D)
  A water moccasin (D)
  A floating eye (D)
  4 orc warriors (D)
  A kobold brigand (D)
  A bullfrog (D)
  A necrophage (D)
  A scorpion (D)
  A crimson imp (D)
  A jelly (D)
  2 orc wizards (D)
  A mummy (D)
  A gnoll (D)
  A river rat (D)
  3 white imps (D)
  An ufetubus (D)
  6 orcs (D)
  A bat (D)
  2 endoplasms (D)
  A giant cockroach (D)
  A goblin (D)
  A hobgoblin (D)
  7 jackals (D)
  A ball python (D)
  A kobold (D)
74 creatures vanquished.

Vanquished Creatures (others)
  An orc knight (D)
  A jackal (D)
2 creatures vanquished.

Grand Total: 76 creatures vanquished

Notes
Turn   | Place    | Note
-------+----------+-------------------------------------------
     0 | D        | rocky1 the Ogre Fighter began the quest for the Orb.
     0 | D        | Reached XP level 1. HP: 24/24 MP: 1/1
    11 | D        | Noticed a floating eye
    14 | D        | Paralysed by a floating eye for 3 turns
    18 | D        | Killed a floating eye
    19 | D        | Reached skill level 6 in Fighting
    19 | D        | Reached XP level 2. HP: 37/37 MP: 2/2
    19 | D        | Reached XP level 3. HP: 45/45 MP: 3/3
    19 | D        | Reached XP level 4. HP: 53/53 MP: 4/4
    23 | D        | Found a bloodstained altar of Trog.
    23 | D        | Found a shimmering blue altar of Sif Muna.
    23 | D        | Found a viscous altar of Jiyva.
    23 | D        | Found a hazy altar of Hepliaklqana.
    23 | D        | Found an opulent altar of Gozag.
    24 | D        | Found a glowing golden altar of the Shining One.
    24 | D        | Found a glowing silver altar of Zin.
    24 | D        | Found a basalt altar of Yredelemnul.
    24 | D        | Found a shimmering altar of Xom.
    24 | D        | Found an ornate altar of the Wu Jian Council.
    24 | D        | Found a sacrificial altar of Ru.
    24 | D        | Found a stormy altar of Qazlal.
    24 | D        | Found an iron altar of Okawaru.
    24 | D        | Found a sparkling altar of Nemelex Xobeh.
    24 | D        | Found a burning altar of Makhleb.
    24 | D        | Found a blossoming altar of Fedhas.
    24 | D        | Found a white marble altar of Elyvilon.
    24 | D        | Found a shadowy altar of Dithmenos.
    24 | D        | Found a snail-covered altar of Cheibriados.
    27 | D        | Found a corrupted altar of Lugonu.
    27 | D        | Found a radiant altar of Vehumet.
    28 | D        | Found an ancient bone altar of Kikubaaqudgha.
    28 | D        | Found a hide-covered altar of Uskayaw.
    28 | D        | Found a broken altar of Ashenzari.
    32 | D        | Became a worshipper of Warmaster Okawaru
    70 | D        | Reached skill level 5 in Shields
    99 | D        | Noticed a scorpion
   101 | D        | Reached XP level 5. HP: 55/61 MP: 5/5
   104 | D        | Reached skill level 7 in Fighting
   104 | D        | Reached skill level 5 in Axes
   104 | D        | Reached skill level 5 in Dodging
   396 | D        | Reached skill level 8 in Fighting
   399 | D        | Reached * piety under Okawaru
   400 | D        | Reached XP level 6. HP: 62/74 MP: 6/6
   410 | D        | Reached skill level 5 in Maces & Flails
   424 | D        | Reached skill level 9 in Fighting
   483 | D        | Noticed a yak
   494 | D        | Killed a yak
   495 | D        | Reached XP level 7. HP: 61/83 MP: 7/7
   574 | D        | Reached skill level 10 in Fighting
   596 | D        | Noticed a hellwing
   596 | D        | Noticed an orc knight
   628 | D        | Killed a hellwing
   628 | D        | Reached ** piety under Okawaru
   629 | D        | Reached XP level 8. HP: 44/96 MP: 6/8
   645 | D        | Killed an orc knight
   646 | D        | Reached skill level 11 in Fighting
  1093 | D        | Noticed a yak
  1093 | D        | Noticed a yak
  1093 | D        | Noticed a yak
  1093 | D        | Noticed a yak
  1108 | D        | Reached skill level 12 in Fighting
  1116 | D        | Killed a yak
  1117 | D        | Reached XP level 9. HP: 61/106 MP: 7/9
  1124 | D        | Reached *** piety under Okawaru
  1401 | D        | Reached skill level 10 in Shields
  1408 | D        | Reached skill level 13 in Fighting
  1408 | D        | Reached skill level 10 in Axes
  1484 | D        | Noticed a sea snake
  1496 | D        | Killed a sea snake
  1497 | D        | Reached XP level 10. HP: 42/120 MP: 7/11
  1723 | D        | Reached skill level 10 in Dodging
  1958 | D        | Noticed a boulder beetle
  1958 | D        | Noticed Maurice
  1958 | D        | Noticed a sea snake
  1971 | D        | Killed a sea snake
  1972 | D        | Reached skill level 14 in Fighting
  1980 | D        | Killed Maurice
  1980 | D        | Reached **** piety under Okawaru
  1982 | D        | Killed a boulder beetle
  1983 | D        | Reached skill level 10 in Maces & Flails
  2198 | D        | Noticed a sea snake
  2203 | D        | Reached skill level 5 in Invocations
  2205 | D        | Noticed an orc knight
  2211 | D        | Killed a sea snake
  2214 | D        | Received a gift from Okawaru
  2214 | D        | Noticed a deep elf zephyrmancer
  2216 | D        | Noticed an orc sorcerer
  2223 | D        | Reached skill level 15 in Fighting
  2228 | D        | Killed a deep elf zephyrmancer
  2229 | D        | Reached XP level 11. HP: 55/132 MP: 7/15
  2235 | D        | Reached ***** piety under Okawaru
  2258 | D        | Killed an orc sorcerer
  2259 | D        | Killed an orc knight
  2268 | D        | Reached skill level 16 in Fighting
  2597 | D        | Noticed a deep elf pyromancer
  2597 | D        | Noticed a nagaraja
  2617 | D        | Killed from afar by a nagaraja

Illustrated notes

Levels and vault maps discovered:
D:        pitsprint [storerooms_1, entrance_room_1, metal_vault_4, armoury_2,
          mini_pit_1, grid_room_1, main_hall_1, silver_pit, the_coven_2,
          the_vestibule_1, steel_vault_2, golden_pit, hallway_of_sentries,
          crystal_vault_3, iron_vault_4, final_vault]

Skill      XL: |  1  2  3  4  5  6  7  8  9 10 11 |
---------------+----------------------------------+-----
Fighting       | 6 8 9 10 12 13 15 16 | 16.0
Axes           | 4 5 6 7 9 10 11 12 | 12.4
Maces & Flails | 3 4 5 6 8 9 10 11 | 11.2
Dodging        | 4 5 6 7 8 9 11 | 11.6
Shields        | 4 5 6 7 8 9 10 11 12 | 12.6
Invocations    | 2 6 7 |  7.6

Action                   |  1- 3 |  4- 6 |  7- 9 | 10-12 || total
-------------------------+-------+-------+-------+-------++-------
Melee: War axe           |     4 |    27 |       |       ||    31
       Flail             |       |    42 |    98 |    25 ||   165
       Broad axe         |       |       |     2 |    80 ||    82
Invok: Heroism           |       |       |     3 |     5 ||     8
       Finesse           |       |       |       |     2 ||     2
  Use: Potion            |       |       |     4 |     7 ||    11
       Scroll            |       |       |       |     1 ||     1
 Stab: Invisible         |       |       |     7 |       ||     7
Armor: Robe              |       |    21 |    16 |     5 ||    42
Dodge: Dodged            |       |    34 |    26 |    25 ||    85
Block: Kite shield       |       |    27 |    32 |    27 ||    86

Table legend: (Time is in decaauts)
 A = Elapsed time spent in this place.
 B = Non-inter-level travel time spent in this place.
 C = Inter-level travel time spent in this place.
 D = Time resting spent in this place.
 E = Time spent auto-exploring this place.
 F = Levels seen in this place.
 G = Mean time per level.
                   A        B        C        D        E       F      G
               +--------+--------+--------+--------+--------+-----+--------+
         Total |   2601 |   2537 |     64 |   1788 |      0 |   1 | 2601.0 |
       Dungeon |   2601 |   2537 |     64 |   1788 |      0 |   1 | 2601.0 |
               +--------+--------+--------+--------+--------+-----+--------+

Top non-repeatable levels by time:
       D: 2601 daAuts
